 Dungeon Crawl Stone Soup version 0.31.0-12-g77e489cdc1 (webtiles) character file.

Game seed: 6185266483515438176

5285 Kallu the Destroyer (level 10, -8/88 HPs)
             Began as a Black Draconian Conjurer on Feb 14, 2024.
             Mangled by Harold
             ... wielding a +0 morningstar of holy wrath
              (18 damage)
             ... on level 10 of the Dungeon.
             The game lasted 00:22:27 (10797 turns).

Kallu the Destroyer (Black Draconian Conjurer)     Turns: 10797, Time: 00:22:30

Health: -8/88      AC:  9    Str: 15    XL:     10   Next: 37%
Magic:  11/20      EV:  6    Int: 23    God:
Gold:   484        SH:  0    Dex: 10    Spells: 12/23 levels left

rFire   + + .        a - +4 battleaxe (freeze)
rCold   + . .        (shield currently unavailable)
rNeg    . . .        (body armour unavailable)
rPois   .            (helmet restricted)
rElec   +            r - scarf {rC+ rF+}
rCorr   .            f - +0 pair of gloves
SInv    .            g - +0 pair of boots
Will    .....        (no amulet)
Stlth   +            H - +6 ring of strength
HPRegen 0.34/turn    A - ring of protection from fire
MPRegen 0.17/turn

%: no passive effects
@: confused, ambrosia-drunk, held
A: breathe lightning, AC +7, unfitting armour, electricity resistance,
cold-blooded
a: Breathe Lightning


You were on level 10 of the Dungeon.
You visited 2 branches of the dungeon, and saw 11 of its levels.

You collected 484 gold pieces.

Inventory:

Hand Weapons
 a - a +4 battleaxe of freezing (weapon)
Missiles
 D - 3 atropa-tipped darts
Armour
 f - a +0 pair of gloves (worn)
 g - a +0 pair of boots (worn)
 r - a scarf of resistance (worn)
Jewellery
 t - the ring "Ishul" {Fire Str+2 Dex+3}
   (You found it on level 4 of the Dungeon)

   [ring of fire]

   Fire:      It enhances your fire magic.
   Str+2:     It affects your strength (+2).
   Dex+3:     It affects your dexterity (+3).
   rF+:       It protects you from fire.
   rC-:       It makes you vulnerable to cold.
 x - a ring of ice
 A - a ring of protection from fire (right hand)
 H - a +6 ring of strength (left hand)
Talismans
 l - a serpent talisman
Wands
 C - a wand of light (8)
Scrolls
 b - a scroll of fog {unknown}
 d - 3 scrolls of vulnerability
 e - a scroll of enchant weapon {unknown}
 n - a scroll of silence {unknown}
 o - 2 scrolls of poison {unknown}
 p - 6 scrolls of teleportation {unknown}
 q - 9 scrolls of identify {unknown}
 s - a scroll of acquirement {unknown}
 w - a scroll of amnesia {unknown}
 y - 2 scrolls of revelation {unknown}
 z - 2 scrolls of fear {unknown}
 E - 4 scrolls of blinking {unknown}
 I - a scroll of enchant armour {unknown}
Potions
 c - a potion of lignification {unknown}
 h - a potion of attraction {unknown}
 i - a potion of might
 j - 5 potions of curing
 k - a potion of ambrosia
 m - a potion of enlightenment {unknown}
 u - a potion of heal wounds {unknown}
 v - a potion of magic
 B - a potion of berserk rage {unknown}
 F - a potion of degeneration {unknown}
 G - a potion of haste {unknown}


   Skills:
 - Level 8.0 Fighting
 - Level 3.0 Dodging
 - Level 1.7 Stealth
 - Level 7.0 Spellcasting
 - Level 10.0 Conjurations
 - Level 4.0 Translocations
 - Level 3.0 Alchemy
 + Level 3.6 Evocations


You had 12 spell levels left.
You knew the following spells:

 Your Spells              Type           Power      Damage    Failure   Level
a - Magic Dart            Conj           100%       1d8       1%          1
b - Searing Ray           Conj           100%       2d8       1%          2
c - Fulminant Prism       Conj/Alch      18%        3d11      5%          4
d - Iskenderun's Mystic   Conj/Tloc      40%        2d9       4%          4

Your spell library contained the following spells:

 Spells                   Type           Power      Damage    Failure   Level
 Summon Small Mammal      Summ           32%        N/A       8%          1
 Jinxbite                 Hex            16%        N/A       12%         2
 Call Canine Familiar     Summ           8%         N/A       22%         3
 Summon Blazeheart Golem  Fire/Summ      8%         N/A       58%         4
 Yara's Violent Unravell  Hex/Alch       7%         3d5       75%         5
 Enfeeble                 Hex            4%         N/A       100%        7


Dungeon Overview and Level Annotations

Branches:
Dungeon (10/15)            Temple (1/1) D:4
   Lair: D:8-11         Orc: D:9-12

Altars:
Ashenzari
Cheibriados
Dithmenos
Elyvilon
Fedhas
Gozag
Kikubaaqudgha
Makhleb
Nemelex Xobeh
Okawaru
Qazlal
Ru
Uskayaw
Vehumet
Wu Jian
Xom
Yredelemnul
Zin
The Shining One
Lugonu

Shops:
D:4 *   D:8 *

Portals:
Abyss: D:7

Annotations:
D:7 1 runed translucent door, ripuliukko's ghost, novice GrEE
D:10 Harold


Innate Abilities, Weirdness & Mutations

You can breathe wild blasts of lightning.
Your glossy black scales are hard. (AC +7)
You cannot fit into any form of body armour.
You are resistant to electric shocks. (rElec)
You are cold-blooded and may be slowed by cold attacks.


Message History

Press: ? - help, Shift-Dir - straight line The searing ray hits Harold.
Harold is moderately wounded. (Press . to maintain the ray.) Harold hits you with a +0 morningstar of holy wrath!
Your fulminant prism explodes!
The blast of energy engulfs Harold!
Harold is heavily wounded.
You hear an angry hiss.
You hear a bellow!
You hear a shout!
Unknown command.
The searing ray hits Harold!
Harold is severely wounded.
Harold hits you with a +0 morningstar of holy wrath!
Unknown command.
The searing ray hits Harold!
Harold is severely wounded.
Harold says, "My wife will appreciate not having to wash blood out of my clothes anymore."
Harold hits you with a +0 morningstar of holy wrath!!
A kobold demonologist comes into view. It is wielding a +0 dagger.
The searing ray misses Harold.
You finish channelling your searing ray.
Harold hits you with a +0 morningstar of holy wrath!
* * * LOW HITPOINT WARNING * * *
Okay, then.
You struggle against the net.
Harold hits you with a +0 morningstar of holy wrath!
* * * LOW HITPOINT WARNING * * *
The kobold demonologist casts a spell.
Unknown command.
It was a potion of curing.
You feel better.
Harold hits you with a +0 morningstar of holy wrath!
* * * LOW HITPOINT WARNING * * *
The kobold demonologist mumbles some strange words.
It was a potion of ambrosia.
You are confused.
You feel invigorated.
Harold grumbles, "Just give up already, I want to go home!"
Harold hits you with a +0 morningstar of holy wrath!!
You die...
Harold sighs, "Finally, I can get that horse ranch and settle down."

#......#
#......#
##....!.# .
#.......# ..
#.......##...
#............
#.......#
#.4.@@..#
#..5....#
##...####
#K.## ..# ...
)#.. #.#.#


You could see Harold, a hellwing (summoned), a kobold demonologist and a shadow
imp (summoned).

Vanquished Creatures
  Pikel (D:4)
  Maggie (D:6)
  Prince Ribbit (D:5)
  A shadow (D:9)
  A wraith (D:9)
  A steam dragon (D:5)
  Edmund (D:4)
  A water moccasin (D:8)
  2 orc warriors
  2 ice beasts
  3 black bears
  2 centaurs (D:9)
  4 lemures
  A phantom (D:4)
  2 bullfrogs
  2 kobold brigands
  2 scorpions
  12 wights
  14 killer bees
  6 howler monkeys
  7 orc priests
  4 hounds
  7 bombardier beetles
  Terence (D:3)
  2 iguanas (D:5)
  3 orc wizards
  7 adders
  7 gnolls
  5 white imps
  4 ufetubi
  An adder zombie (D:2)
  2 ribbon worms
  7 dart slugs
  11 orcs
  4 bats
  3 bat zombies (D:2)
  6 endoplasms
  4 giant cockroaches
  2 goblins
  2 hobgoblins (D:1)
  2 jackals (D:2)
  4 quokkas
  5 ball pythons
  3 frilled lizards
  14 kobolds
  A quokka skeleton (D:2)
  A quokka zombie (D:2)
  3 rats
  A lurking horror (D:7)
183 creatures vanquished.

Vanquished Creatures (others)
  A white imp (D:6)
  58 fulminant prisms
59 creatures vanquished.

Grand Total: 242 creatures vanquished

Notes
Turn   | Place    | Note
-------+----------+-------------------------------------------
     0 | D:1      | Kallu the Draconian Conjurer began the quest for the Orb.
     0 | D:1      | Reached XP level 1. HP: 14/14 MP: 3/3
   480 | D:1      | Reached XP level 2. HP: 20/20 MP: 2/5
   630 | D:1      | Learned a level 2 spell: Searing Ray
  1347 | D:2      | Reached XP level 3. HP: 26/26 MP: 3/7
  1591 | D:2      | Reached XP level 4. HP: 33/33 MP: 5/10
  1642 | D:2      | Found a faded altar of an unknown god.
  2569 | D:3      | Learned a level 4 spell: Fulminant Prism
  2773 | D:3      | Identified the +2 robe of Yrotycso {Str+3 Dex+4 Archmagi}
  2804 | D:3      | Reached skill level 1 in Alchemy
  2879 | D:3      | Reached XP level 5. HP: 38/38 MP: 11/11
  2915 | D:3      | Reached skill level 5 in Conjurations
  3087 | D:3      | Noticed Terence
  3096 | D:3      | Killed Terence
  3350 | D:4      | Noticed a black bear
  3366 | D:4      | Killed a black bear
  3367 | D:4      | Reached XP level 6. HP: 42/45 MP: 1/12
  3478 | D:4      | Reached skill level 6 in Conjurations
  3673 | D:4      | Noticed Edmund
  3761 | D:4      | Identified the ring "Ishul" {Fire Str+2 Dex+3}
  3883 | D:3      | HP: 2/45 [lemure[Pikel] (2)]
  4179 | D:4      | Found Zah Weus's Assorted Antiques.
  4185 | D:4      | Noticed Pikel
  4194 | D:4      | Killed Pikel
  4195 | D:4      | Reached skill level 5 in Spellcasting
  4195 | D:4      | Reached skill level 7 in Conjurations
  4195 | D:4      | Your scales start taking on a glossy black colour.
  4195 | D:4      | Reached XP level 7. HP: 28/57 MP: 1/14
  4195 | D:4      | Gained mutation: You are resistant to electric shocks.
                  | (rElec) [Black Draconian growth]
  4535 | D:4      | Killed Edmund
  4536 | D:4      | Reached XP level 8. HP: 4/63 MP: 0/15
  4770 | D:4      | Found a staircase to the Ecumenical Temple.
  5030 | Temple   | Entered the Ecumenical Temple
  5066 | D:5      | Entered Level 5 of the Dungeon
  5115 | D:5      | Learned a level 4 spell: Iskenderun's Mystic Blast
  5291 | D:5      | Reached skill level 8 in Conjurations
  5338 | D:5      | Reached skill level 1 in Translocations
  5428 | D:5      | Noticed Prince Ribbit
  5436 | D:5      | Killed Prince Ribbit
  5673 | D:5      | Reached skill level 5 in Fighting
  6437 | D:6      | Found a shimmering altar of Xom.
  6437 | D:6      | Found a glowing golden altar of the Shining One.
  6488 | D:6      | Reached XP level 9. HP: 75/75 MP: 10/16
  6671 | D:6      | Reached skill level 9 in Conjurations
  6705 | D:6      | Noticed Maggie
  6723 | D:6      | Killed Maggie
  7187 | D:7      | Found a runed translucent door.
  7187 | D:7      | Noticed ripuliukko's ghost (novice GrEE)
  7369 | D:7      | Found a corrupted altar of Lugonu.
  7374 | D:7      | Found a one-way gate to the infinite horrors of the Abyss.
  7530 | D:7      | Reached skill level 10 in Conjurations
  7684 | D:6      | Found an ornate altar of the Wu Jian Council.
  7749 | D:7      | Found a shadowy altar of Dithmenos.
  8791 | D:8      | Found Enocas's Demolitions Depot.
  8855 | D:8      | Reached XP level 10. HP: 86/86 MP: 15/20
  9445 | D:9      | Found a snail-covered altar of Cheibriados.
  9870 | D:9      | Reached skill level 1 in Evocations
 10009 | D:9      | Found an iron altar of Okawaru.
 10785 | D:10     | Entered Level 10 of the Dungeon
 10785 | D:10     | Noticed Harold
 10797 | D:10     | Mangled by Harold

Illustrated notes

Levels and vault maps discovered:
D:1:      evilmike_arrival_hilbert_curve, layout_loops_corners
D:2:      layout_basic, chequers_ecumenical_altar_island, serial_undead,
          serial_undead_a, serial_undead_a, serial_undead_c, serial_undead_e,
          serial_undead_e, serial_undead_f, serial_undead_e,
          amcnicky_mini_pool_small, chequers_garden
D:3:      layout_loops_ring, hangedman_abyss_or_decor_stabs,
          kennysheep_another_room, uniq_terence
D:4:      layout_cave_pools, temple_pool_b, serial_shops,
          nicolae_shop_back_alley_shop, uniq_crazy_yiuf_cottage, uniq_pikel,
          uniq_edmund
D:5:      layout_rooms, serial_bayou, serial_bayou_shore_a,
          serial_bayou_crossing, serial_bayou_pond_b, serial_bayou_pond_e,
          uniq_prince_ribbit1
D:6:      layout_rooms, nicolae_overflow_hidden_temple, grunt_decor_cap,
          uniq_maggie
D:7:      layout_basic, nicolae_dithmenos_shadow_blocks,
          hellmonk_ghost_happy_afterlife, amcnicky_altar_lugonu_corruption
D:8:      layout_loops_ring, nicolae_blasting_shop
D:9:      layout_stronghold, kennysheep_slug_shrine, okawaru_gym_becter,
          david_defended_altar_orc
D:10:     layout_rooms, nzn_overflow_gifts_of_might_and_magic,
          nicolae_hepliaklqana_monster_ancestors, erik_orc_1,
          minmay_misc_feat_nine_boxes, minmay_pinched_square, uniq_harold
Temple:   nicolae_temple_bog_church

Skill      XL: |  1  2  3  4  5  6  7  8  9 10 |
---------------+-------------------------------+-----
Spellcasting   | 3 4 5 7 |  7.0
Alchemy        | 1 2 3 |  3.0
Conjurations   | 5 7 8 10 | 10.0
Fighting       | 3 6 7 8 |  8.0
Dodging        | 3 |  3.0
Translocations | 2 4 |  4.0
Evocations     | 3 |  3.6
Stealth        | |  1.7

Action                     |  1- 3 |  4- 6 |  7- 9 | 10-12 || total
---------------------------+-------+-------+-------+-------++-------
  Melee: Unarmed           |    10 |       |       |       ||    10
         Short sword       |    10 |    33 |       |       ||    43
         Tailslap          |     2 |    10 |     7 |     1 ||    20
         Flail             |       |    66 |    54 |     5 ||   125
         Punch             |       |     2 |     1 |       ||     3
         Battleaxe         |       |       |       |     8 ||     8
   Cast: Magic Dart        |    54 |    39 |    24 |     3 ||   120
         Searing Ray       |     2 |    25 |    21 |     6 ||    54
         Fulminant Prism   |       |       |    39 |    19 ||    58
         Iskenderun's Myst |       |       |     1 |       ||     1
Ability: Breathe Lightning |       |       |     6 |     1 ||     7
    Use: Potion            |       |     2 |     1 |     2 ||     5
         Scroll            |       |     1 |       |       ||     1
   Stab: Sleeping          |       |     2 |     1 |       ||     3
 Armour: Skin              |    19 |   116 |    66 |    35 ||   236
  Dodge: Dodged            |    16 |   124 |    72 |    26 ||   238
